| TOP OF THE 1ST |
|
Detroit (APP) Tigers batting - Pitching for Seattle (APP) Mariners : LHP Ji-chol Lee
|
|
Pitching: LHP Ji-chol Lee
|
|
|
Batting: RHB Alex Duarte
|
0-0: Called Strike 0-1: Ball 1-1: Ball 2-1: Foul Ball, location: 2F 2-2: Ground out 3-1 (Groundball, 34S, EV 88.8 MPH)
|
|
Batting: RHB Cody Kafer
|
0-0: Ball 1-0: Swinging Strike 1-1: Ball 2-1: Foul Ball, location: 2F 2-2: Strikes out swinging
|
|
Batting: RHB Nate Dabney
|
0-0: Ball 1-0: Called Strike 1-1: Called Strike 1-2: Ball 2-2: Foul Ball, location: 2F 2-2: Strikes out swinging
|
| Top of the 1st over - 0 runs, 0 hits, 0 errors, 0 left on base; Detroit (APP) 0 - Seattle (APP) 0 |
| BOTTOM OF THE 1ST |
|
Seattle (APP) Mariners batting - Pitching for Detroit (APP) Tigers : RHP Felipe Guevara
|
|
Pitching: RHP Felipe Guevara
|
|
|
Batting: RHB Joaquin Salazar
|
0-0: Ball 1-0: Called Strike 1-1: Ball 2-1: Ground out 6-3 (Groundball, 6, EV 102.5 MPH)
|
|
Batting: RHB Eddie Luna
|
0-0: Called Strike 0-1: Ball 1-1: Ground out 5-3 (Groundball, 56, EV 93.8 MPH)
|
|
Batting: LHB William Gonzales
|
0-0: Called Strike 0-1: Ball 1-1: Called Strike 1-2: Foul Ball, location: 2F 1-2: Ball 2-2: Foul Ball, location: 2F 2-2: Foul Ball, location: 2F 2-2: Foul Ball, location: 2F 2-2: Ball 3-2: Base on Balls
|
|
Batting: RHB Rich Griffith
|
0-0: Called Strike 0-1: Ball 1-1: Foul Ball, location: 2F 1-2: Ball 2-2: Fly out, F8 (Flyball, 8RM, EV 93.1 MPH)
|
| Bottom of the 1st over - 0 runs, 0 hits, 0 errors, 1 left on base; Detroit (APP) 0 - Seattle (APP) 0 |
| TOP OF THE 2ND |
|
Detroit (APP) Tigers batting - Pitching for Seattle (APP) Mariners : LHP Ji-chol Lee
|
|
Batting: RHB George Sonier
|
0-0: Ball 1-0: Ball 2-0: Called Strike 2-1: Fly out, F9 (Flyball, 9, EV 86.9 MPH)
|
|
Batting: RHB Tony Murray
|
0-0: SINGLE (Groundball, 6D, EV 102.5 MPH)
|
|
Batting: LHB Simon Barry
|
0-0: Called Strike 0-1: Called Strike 0-2: Ball 1-2: Strikes out swinging
|
|
Batting: RHB Yasutaka Yamasaki
|
0-0: Ball 1-0: Fly out, F7 (Flyball, 7D, EV 101.9 MPH)
|
| Top of the 2nd over - 0 runs, 1 hit, 0 errors, 1 left on base; Detroit (APP) 0 - Seattle (APP) 0 |
| BOTTOM OF THE 2ND |
|
Seattle (APP) Mariners batting - Pitching for Detroit (APP) Tigers : RHP Felipe Guevara
|
|
Batting: RHB Ross Hallock
|
0-0: Ball 1-0: Ball 2-0: Called Strike 2-1: Ball 3-1: Foul Ball, location: 2F 3-2: Ground out 5-3 (Groundball, 56S, EV 85.0 MPH)
|
|
Batting: RHB Victor Rosas
|
0-0: Ball 1-0: Ground out 4-3 (Groundball, 34, EV 86.2 MPH)
|
|
Batting: LHB Garrett Dodge
|
0-0: Ball 1-0: Foul Ball, location: 2F 1-1: Ball 2-1: Reached on error, E5 (Groundball, 56, EV 111.9 MPH)
|
|
Batting: RHB Ziven Badersky
|
0-0: SINGLE (Groundball, 56D, EV 95.0 MPH) Garrett Dodge to second Runner from 2nd tries for 3rd, OUT! 7-5
|
| Bottom of the 2nd over - 0 runs, 1 hit, 1 error, 1 left on base; Detroit (APP) 0 - Seattle (APP) 0 |
| TOP OF THE 3RD |
|
Detroit (APP) Tigers batting - Pitching for Seattle (APP) Mariners : LHP Ji-chol Lee
|
|
Batting: RHB Victor Acuna
|
0-0: Called Strike 0-1: Swinging Strike 0-2: Ball 1-2: Foul Ball, location: 2F 1-2: Ball 2-2: Strikes out swinging
|
|
Batting: SHB Salvador Lacosta
|
0-0: Called Strike 0-1: Ground out 5-3 (Groundball, 56S, EV 86.9 MPH)
|
|
Batting: RHB Alex Duarte
|
0-0: Ball 1-0: Reached on error, E1 (Groundball, 13, EV 73.8 MPH)
|
|
Batting: RHB Cody Kafer
|
0-0: Called Strike 0-1: Ball 1-1: Called Strike 1-2: SINGLE (Groundball, 6S, EV 70.6 MPH) (infield hit) Alex Duarte to third
|
|
Batting: RHB Nate Dabney
|
0-0: Fly out, F9 (Flyball, 89S, EV 90.6 MPH)
|
| Top of the 3rd over - 0 runs, 1 hit, 1 error, 2 left on base; Detroit (APP) 0 - Seattle (APP) 0 |
| BOTTOM OF THE 3RD |
|
Seattle (APP) Mariners batting - Pitching for Detroit (APP) Tigers : RHP Felipe Guevara
|
|
Batting: RHB Tristan Martin
|
0-0: Ball 1-0: Swinging Strike 1-1: Ball 2-1: Called Strike 2-2: Ball 3-2: Strikes out swinging
|
|
Batting: RHB Joaquin Salazar
|
0-0: Ball 1-0: Ball 2-0: Ball 3-0: Base on Balls
|
|
Batting: RHB Eddie Luna
|
0-0: Foul Ball, location: 2F Pickoff Play to 1st, Runner tries for 2nd, OUT after rundown. 0-1: SINGLE (Flyball, 3D, EV 90.6 MPH)
|
|
Batting: LHB William Gonzales
|
0-0: SINGLE (Line Drive, 3D, EV 98.8 MPH) Eddie Luna to second Runner from 2nd tries for 3rd, SAFE, throw by RF made to third
|
|
Batting: RHB Rich Griffith
|
0-0: Ball 1-0: Called Strike 1-1: Foul Ball, location: 2F 1-2: Ball 2-2: Ball 3-2: Fly out, F8 (Flyball, 8LD, EV 86.2 MPH)
|
| Bottom of the 3rd over - 0 runs, 2 hits, 0 errors, 2 left on base; Detroit (APP) 0 - Seattle (APP) 0 |
| TOP OF THE 4TH |
|
Detroit (APP) Tigers batting - Pitching for Seattle (APP) Mariners : LHP Ji-chol Lee
|
|
Batting: RHB George Sonier
|
0-0: Foul Ball, location: 2F 0-1: Foul Ball, location: 2F 0-2: Ball 1-2: Strikes out swinging
|
|
Batting: RHB Tony Murray
|
0-0: Called Strike 0-1: Ball 1-1: Ball 2-1: Ball 3-1: Base on Balls
|
|
Batting: LHB Simon Barry
|
0-0: Ball 1-0: Swinging Strike 1-1: Ball 2-1: Swinging Strike Passed Ball! Tony Murray to second 2-2: Strikes out looking
|
|
Batting: RHB Yasutaka Yamasaki
|
0-0: Fly out, F4 (Flyball, 6MD, EV 94.4 MPH)
|
| Top of the 4th over - 0 runs, 0 hits, 0 errors, 1 left on base; Detroit (APP) 0 - Seattle (APP) 0 |
| BOTTOM OF THE 4TH |
|
Seattle (APP) Mariners batting - Pitching for Detroit (APP) Tigers : RHP Felipe Guevara
|
|
Batting: RHB Ross Hallock
|
0-0: Called Strike 0-1: Foul Ball, location: 2F 0-2: Ball 1-2: Ball 2-2: Foul Ball, location: 2F 2-2: Ball 3-2: Foul Ball, location: 2F 3-2: Foul Ball, location: 2F 3-2: SOLO HOME RUN (Flyball, 78XD, EV 110.6 MPH), Distance : 430 ft
|
|
Batting: RHB Victor Rosas
|
0-0: Foul Ball, location: 2F 0-1: Ball 1-1: Fly out, F7 (Flyball, 78M, EV 94.4 MPH)
|
|
Batting: LHB Garrett Dodge
|
0-0: Called Strike 0-1: Called Strike 0-2: Strikes out swinging
|
|
Batting: RHB Ziven Badersky
|
0-0: Swinging Strike 0-1: Ball 1-1: Called Strike 1-2: Ball 2-2: Foul Ball, location: 2F 2-2: Strikes out looking
|
| Bottom of the 4th over - 1 run, 1 hit, 0 errors, 0 left on base; Detroit (APP) 0 - Seattle (APP) 1 |
| TOP OF THE 5TH |
|
Detroit (APP) Tigers batting - Pitching for Seattle (APP) Mariners : LHP Ji-chol Lee
|
|
Batting: RHB Victor Acuna
|
0-0: Ball 1-0: Called Strike 1-1: Ground out 5-3 (Groundball, 5, EV 84.4 MPH)
|
|
Batting: SHB Salvador Lacosta
|
0-0: Ball 1-0: Ball 2-0: Ball 3-0: Ground out 6-3 (Groundball, 6, EV 89.4 MPH)
|
|
Batting: RHB Alex Duarte
|
0-0: DOUBLE (Line Drive, 9LS, EV 97.5 MPH)
|
|
Batting: RHB Cody Kafer
|
0-0: Ball 1-0: Fly out, F8 (Flyball, 89M, EV 73.8 MPH)
|
| Top of the 5th over - 0 runs, 1 hit, 0 errors, 1 left on base; Detroit (APP) 0 - Seattle (APP) 1 |
| BOTTOM OF THE 5TH |
|
Seattle (APP) Mariners batting - Pitching for Detroit (APP) Tigers : RHP Felipe Guevara
|
|
Batting: RHB Tristan Martin
|
0-0: Ball 1-0: Foul Ball, location: 2F 1-1: Ball 2-1: Ground out 2-3 (Groundball, 2L, EV 66.2 MPH)
|
|
Batting: RHB Joaquin Salazar
|
0-0: Ball 1-0: Ball 2-0: TRIPLE (Line Drive, 89XD, EV 98.1 MPH)
|
|
Pitching: LHP Greg Bradley
|
|
|
Batting: RHB Eddie Luna
|
0-0: Called Strike 0-1: Ball 1-1: Called Strike 1-2: Foul Ball, location: 2F 1-2: Foul Ball, location: 2F 1-2: Fly out, F7 (Flyball, 7D, EV 109.4 MPH) Runner from 3rd tags up, SCORES, no throw by LF
|
|
Batting: LHB William Gonzales
|
0-0: Called Strike 0-1: Foul Ball, location: 2F 0-2: Ball 1-2: Ball 2-2: Strikes out swinging
|
| Bottom of the 5th over - 1 run, 1 hit, 0 errors, 0 left on base; Detroit (APP) 0 - Seattle (APP) 2 |
| TOP OF THE 6TH |
|
Detroit (APP) Tigers batting - Pitching for Seattle (APP) Mariners : LHP Ji-chol Lee
|
|
Batting: RHB Nate Dabney
|
0-0: Foul Ball, location: 2F 0-1: Fly out, F8 (Flyball, 89M, EV 89.4 MPH)
|
|
Batting: RHB George Sonier
|
0-0: Ball 1-0: SINGLE (Flyball, 8LS, EV 82.5 MPH)
|
|
Batting: RHB Tony Murray
|
0-0: Ball 1-0: Fielders Choice at 2nd, 5-4 (Groundball, 5S, EV 89.4 MPH)
|
|
Batting: LHB Simon Barry
|
0-0: Swinging Strike 0-1: Ball 1-1: Called Strike 1-2: Foul Ball, location: 2F 1-2: Fielders Choice at 2nd, 6-4 (Groundball, 6, EV 96.9 MPH)
|
| Top of the 6th over - 0 runs, 1 hit, 0 errors, 1 left on base; Detroit (APP) 0 - Seattle (APP) 2 |
| BOTTOM OF THE 6TH |
|
Seattle (APP) Mariners batting - Pitching for Detroit (APP) Tigers : LHP Greg Bradley
|
|
Batting: RHB Rich Griffith
|
0-0: Ball 1-0: Swinging Strike 1-1: Foul Ball, location: 2F 1-2: Ball 2-2: Ball 3-2: Foul Ball, location: 2F 3-2: Base on Balls
|
|
Batting: RHB Ross Hallock
|
0-0: Ball 1-0: Ball 2-0: Ball 3-0: Called Strike 3-1: Base on Balls Rich Griffith to second
|
|
Batting: RHB Victor Rosas
|
0-0: Called Strike 0-1: Foul Ball, location: 2F 0-2: Ball 1-2: Hit by Pitch Rich Griffith to third Ross Hallock to second
|
|
Batting: LHB Garrett Dodge
|
0-0: Called Strike 0-1: GRAND SLAM HOME RUN (Flyball, 7D, EV 110.0 MPH), Distance : 405 ft
|
|
Pitching: RHP David Kalinsky
|
|
|
Batting: RHB Ziven Badersky
|
0-0: Ground out 4-3 (Groundball, 34, EV 92.5 MPH)
|
|
Batting: RHB Tristan Martin
|
0-0: Foul Ball, location: 2F 0-1: Called Strike 0-2: Strikes out looking
|
|
Batting: RHB Joaquin Salazar
|
0-0: Ground out 1-3 (Groundball, 15S, EV 66.9 MPH)
|
| Bottom of the 6th over - 4 runs, 1 hit, 0 errors, 0 left on base; Detroit (APP) 0 - Seattle (APP) 6 |
| TOP OF THE 7TH |
|
Detroit (APP) Tigers batting - Pitching for Seattle (APP) Mariners : LHP Ji-chol Lee
|
|
Batting: RHB Yasutaka Yamasaki
|
0-0: Ball 1-0: Ball 2-0: Called Strike 2-1: Swinging Strike 2-2: Ball 3-2: Base on Balls
|
|
Pitching: RHP Daniel Villalobos
|
|
|
Batting: RHB Victor Acuna
|
0-0: Ball 1-0: Swinging Strike 1-1: Fly out, F8 (Flyball, 8RD, EV 96.2 MPH)
|
|
Batting: SHB Salvador Lacosta
|
0-0: Called Strike 0-1: Ball Balk! Yasutaka Yamasaki to second 1-1: Ball 2-1: Foul Ball, location: 2F 2-2: Ground out U3 (Groundball, 34, EV 86.9 MPH) Yasutaka Yamasaki to third
|
|
Batting: RHB Alex Duarte
|
0-0: Fly out, F7 (Flyball, 7D, EV 106.2 MPH)
|
| Top of the 7th over - 0 runs, 0 hits, 0 errors, 1 left on base; Detroit (APP) 0 - Seattle (APP) 6 |
| BOTTOM OF THE 7TH |
|
Seattle (APP) Mariners batting - Pitching for Detroit (APP) Tigers : RHP David Kalinsky
|
|
Batting: RHB Eddie Luna
|
0-0: Ball 1-0: Called Strike 1-1: Ball 2-1: Ball 3-1: Called Strike 3-2: SINGLE (Groundball, 6MS, EV 60.6 MPH) (infield hit)
|
|
Batting: LHB William Gonzales
|
0-0: Ball 1-0: Called Strike 1-1: Foul Ball, location: 2F 1-2: Foul Ball, location: 2F 1-2: Strikes out swinging
|
|
Batting: RHB Rich Griffith
|
0-0: Swinging Strike 0-1: Ball 1-1: Swinging Strike 1-2: Strikes out swinging
|
|
Batting: RHB Ross Hallock
|
0-0: Ball 1-0: Ball 2-0: Ball 3-0: Called Strike 3-1: Foul Ball, location: 2F 3-2: SINGLE (Line Drive, 8RS, EV 100.6 MPH) Eddie Luna to second Eddie Luna to third
|
|
Batting: RHB Victor Rosas
|
0-0: Ball 1-0: 3-RUN HOME RUN (Line Drive, 78XD, EV 116.9 MPH), Distance : 439 ft
|
|
Batting: LHB Garrett Dodge
|
0-0: Ball 1-0: Ball 2-0: Fly out, F8 (Flyball, 8LD, EV 92.5 MPH)
|
| Bottom of the 7th over - 3 runs, 3 hits, 0 errors, 0 left on base; Detroit (APP) 0 - Seattle (APP) 9 |
| TOP OF THE 8TH |
|
Detroit (APP) Tigers batting - Pitching for Seattle (APP) Mariners : RHP Daniel Villalobos
|
|
Pinch Hitting: RHB Yuusou Honda
|
0-0: Ball 1-0: Fly out, F8 (Line Drive, 8RD, EV 105.6 MPH)
|
|
Batting: RHB Nate Dabney
|
0-0: Called Strike 0-1: Ball 1-1: Called Strike 1-2: Fly out, F8 (Flyball, 8RD, EV 105.0 MPH)
|
|
Batting: RHB George Sonier
|
0-0: Foul Ball, location: 2F 0-1: Called Strike 0-2: Ball 1-2: Strikes out swinging
|
| Top of the 8th over - 0 runs, 0 hits, 0 errors, 0 left on base; Detroit (APP) 0 - Seattle (APP) 9 |
| BOTTOM OF THE 8TH |
|
Seattle (APP) Mariners batting - Pitching for Detroit (APP) Tigers : RHP David Kalinsky
|
|
Now in CF: Yuusou Honda
|
|
|
Batting: RHB Ziven Badersky
|
0-0: Ball 1-0: Ball 2-0: Called Strike 2-1: Ball 3-1: Called Strike 3-2: Strikes out swinging
|
|
Pinch Hitting: RHB Carlton McDonald
|
0-0: Ball 1-0: Swinging Strike 1-1: Foul Ball, location: 2F 1-2: Foul Ball, location: 2F 1-2: SINGLE (Line Drive, 9LS, EV 111.2 MPH)
|
|
Pitching: RHP Nick Brooks
|
|
|
Batting: RHB Joaquin Salazar
|
0-0: Ball 1-0: Foul Ball, location: 2F 1-1: Foul Ball, location: 2F 1-2: Ball 2-2: Foul Ball, location: 2F 2-2: Ball 3-2: Strikes out looking
|
|
Batting: RHB Eddie Luna
|
0-0: Ball 1-0: Ball 2-0: Called Strike 2-1: Called Strike 2-2: Fly out, F6 (Line Drive, 6, EV 75.0 MPH)
|
| Bottom of the 8th over - 0 runs, 1 hit, 0 errors, 1 left on base; Detroit (APP) 0 - Seattle (APP) 9 |
| TOP OF THE 9TH |
|
Detroit (APP) Tigers batting - Pitching for Seattle (APP) Mariners : RHP Daniel Villalobos
|
|
Now in LF: Ryan Daniels
|
|
|
Batting: RHB Tony Murray
|
0-0: Ball 1-0: Ball 2-0: SINGLE (Groundball, 56, EV 106.9 MPH) (infield hit)
|
|
Batting: LHB Simon Barry
|
0-0: Ball 1-0: Ball 2-0: Ball 3-0: Base on Balls Tony Murray to second
|
|
Batting: RHB Yasutaka Yamasaki
|
0-0: Ball 1-0: Ball 2-0: Foul Ball, location: 2F 2-1: Swinging Strike 2-2: Ball 3-2: Base on Balls Tony Murray to third Simon Barry to second
|
|
Pinch Hitting: RHB John Barton
|
0-0: Ball 1-0: Ball 2-0: Ball 3-0: Base on Balls Tony Murray scores Simon Barry to third Yasutaka Yamasaki to second
|
|
Batting: SHB Salvador Lacosta
|
0-0: Ball 1-0: GRAND SLAM HOME RUN (Flyball, 89XD, EV 109.4 MPH), Distance : 426 ft
|
|
Pitching: RHP Paul Cahill
|
|
|
Pinch Hitting: SHB Franklin Garza
|
0-0: Ball 1-0: Called Strike 1-1: Fly out, F8 (Flyball, 8LD, EV 80.6 MPH)
|
|
Pinch Hitting: RHB Peter Jones
|
0-0: Called Strike 0-1: Swinging Strike 0-2: Ball 1-2: Foul Ball, location: 2F 1-2: Ball 2-2: Strikes out looking
|
|
Batting: RHB Nate Dabney
|
0-0: Ball 1-0: Ball 2-0: Fly out, F7 (Flyball, 7, EV 75.6 MPH)
|
| Top of the 9th over - 5 runs, 2 hits, 0 errors, 0 left on base; Detroit (APP) 5 - Seattle (APP) 9 |
|